 Dungeon Crawl Stone Soup version 0.31-a0-188-g5e087ee2ca (webtiles) character file.

Game seed: 13041758687171937524

65 qw the Shooter (level 3, 0/20 HPs)
             Began as a Deep Elf Hunter on June 23, 2023.
             Killed from afar by an orc wizard (10 damage)
             ... with a puff of flame
             ... on level 3 of the Dungeon.
             The game lasted 00:00:35 (1909 turns).

qw the Shooter (Deep Elf Hunter)                    Turns: 1909, Time: 00:00:35

Health: 0/20       AC:  3    Str: 10    XL:     3   Next: 94%
Magic:  5/5        EV: 12    Int: 13    God:
Gold:   67         SH:  0    Dex: 18    Spells: 2/2 levels left

rFire   . . .        Y - +0 shortbow
rCold   . . .        (shield currently unavailable)
rNeg    . . .        c - +0 leather armour
rPois   .            (no helmet)
rElec   .            (no cloak)
rCorr   .            (no gloves)
SInv    .            (no boots)
Will    .....        (no amulet)
Stlth   ++           (no ring)
HPRegen 0.23/turn    (no ring)
MPRegen 0.09/turn

%: no passive effects
@: mighty
A: no striking features
a: no special abilities


You were on level 3 of the Dungeon.
You visited 1 branch of the dungeon, and saw 3 of its levels.

You collected 90 gold pieces.
You spent 23 gold pieces at shops.


   Skills:
 - Level 1.5 Fighting
 + Level 7.4 Ranged Weapons
 - Level 2.4 Dodging
 - Level 1.2 Stealth


You had 2 spell levels left.
You didn't know any spells.
Your spell library was empty.

Inventory:

Hand Weapons
 Y - a +0 shortbow (weapon)
Armour
 c - a +0 leather armour (worn)
Potions
 a - a potion of brilliance {unknown}
 b - a potion of might

Dungeon Overview and Level Annotations

Branches:
Dungeon (3/15)

Altars:

Shops:
D:2 (*[(?


Message History

An orc wizard and a ball python come into view.
The orc wizard shouts!
You hear a shout! x3
An orc comes into view. It is wielding a +0 flail.
An orc comes into view. It is wielding a +0 hand axe.
You shoot an arrow. The arrow hits the ball python!
You kill the ball python!
You shoot an arrow.
The arrow closely misses the orc wizard.
An orc comes into view. It is wielding a +0 mace.
You shoot an arrow. The arrow hits the orc wizard.
The orc wizard is lightly wounded.
You shoot an arrow. The arrow hits the orc wizard.
The orc wizard is heavily wounded.
The orc wizard casts a spell at you. The magic dart hits you!
You shoot an arrow.
The arrow hits the orc wizard but does no damage.
The orc wizard is heavily wounded.
The orc wizard gestures at you while chanting.
You resist with some effort.
You shoot an arrow. The arrow hits the orc!
You kill the orc!
The orc wizard points at you and mumbles some strange words.
You are confused.
The orc wizard casts a spell.
The orc wizard flickers and vanishes!
Deactivating autopickup; reactivate with Ctrl-A.
The orc closely misses you. The orc hits you with a +0 flail.
You feel less confused.
You hear some strange, mumbled words.
Something tries to affect you, but you resist.
The orc misses you.
You shoot an arrow. The arrow hits the orc!
You kill the orc!
You hear some strange, mumbled words.
A puff of flame appears from out of thin air!
The puff of flame hits you!
Ouch! That really hurt!
You die...

#########
#.......#
#.......#
#.......#
#......@#
#.(.<..)'{o....
#.......##.....
#.......# ....
######### %..
.. .


You could see an orc.

Vanquished Creatures
  A gnoll (D:2)
  3 orcs
  5 ball pythons
  3 bats (D:2)
  9 endoplasms
  2 giant cockroaches
  6 hobgoblins
  4 jackals (D:1)
  6 kobolds
  3 frilled lizards
  3 goblins
  3 rats
48 creatures vanquished.

Notes
Turn   | Place    | Note
-------+----------+-------------------------------------------
     0 | D:1      | qw the Deep Elf Hunter began the quest for the Orb.
     0 | D:1      | Reached XP level 1. HP: 12/12 MP: 3/3
     0 | D:1      | 0 ||| qw: Version: 0.3-a-9-g12657ce
     0 | D:1      | 0 ||| qw: Game counter: 4420
     0 | D:1      | 0 ||| qw: Always use a shield: true
     0 | D:1      | 0 ||| qw: God list: Okawaru
     0 | D:1      | 0 ||| qw: Allow faded altars: false
     0 | D:1      | 0 ||| qw: Do Orc after D:15 true
     0 | D:1      | 0 ||| qw: Do second Lair branch before Depths: true
     0 | D:1      | 0 ||| qw: Lair rune preference: random
     0 | D:1      | 0 ||| qw: Plans: Normal
     0 | D:1      | 0 ||| PLANNING D:1-11
   158 | D:1      | Reached XP level 2. HP: 16/16 MP: 4/4
   163 | D:1      | Reached skill level 6 in Ranged Weapons
   475 | D:1      | Found a faded altar of an unknown god.
  1120 | D:1      | 1120 ||| READING 2 scrolls labelled ZAWNYT DODDU.
  1151 | D:1      | 1151 ||| DROPPING scroll of torment.
  1152 | D:1      | 1152 ||| DROPPING scroll of butterflies.
  1203 | D:2      | Found Wupemeat's Weapon Shop.
  1244 | D:2      | Reached XP level 3. HP: 20/20 MP: 5/5
  1278 | D:2      | Found Caetroev's Assorted Antiques.
  1295 | D:2      | 1295 ||| SHOPLISTING embroidered robe (96 gold, have 29).
  1295 | D:2      | 1295 ||| BUYING fizzy orange potion (23 gold).
  1295 | D:2      | Bought a fizzy orange potion for 23 gold pieces
  1295 | D:2      | 1295 ||| SHOPLISTING glass wand (104 gold, have 6).
  1295 | D:2      | 1295 ||| SHOPLISTING murky brown potion (23 gold, have 6).
  1295 | D:2      | 1295 ||| SHOPLISTING murky dark potion (23 gold, have 6).
  1295 | D:2      | 1295 ||| SHOPLISTING scale mail (104 gold, have 6).
  1295 | D:2      | 1295 ||| SHOPLISTING scroll labelled HAMUBI ETYNA (26 gold,
                  | have 6).
  1301 | D:2      | Found Aple Tit's Armour Emporium.
  1310 | D:2      | 1310 ||| SHOPLISTING +0 pair of boots (58 gold, have 6).
  1310 | D:2      | 1310 ||| SHOPLISTING +0 ring mail (52 gold, have 6).
  1310 | D:2      | 1310 ||| SHOPLISTING +0 scale mail (52 gold, have 6).
  1311 | D:2      | Found Usmiet Angu's Magic Scroll Boutique.
  1322 | D:2      | 1322 ||| SHOPLISTING scroll of enchant weapon (97 gold,
                  | have 6).
  1322 | D:2      | 1322 ||| SHOPLISTING scroll of identify (26 gold, have 6).
  1322 | D:2      | 1322 ||| SHOPLISTING scroll of teleportation (39 gold, have
                  | 6).
  1402 | D:2      | Found Lasi's Antique Weapon Shop.
  1417 | D:2      | 1417 ||| SHOPLISTING jewelled arbalest (218 gold, have 6).
  1456 | D:2      | Reached skill level 7 in Ranged Weapons
  1854 | D:2      | 1854 ||| READING scroll labelled HAMUBI ETYNA.
  1855 | D:2      | 1855 ||| READING scroll labelled IFETOE HATI.
  1856 | D:2      | 1856 ||| DRINKING 2 fizzy orange potions.
  1909 | D:3      | Killed from afar by an orc wizard

Levels and vault maps discovered:
D:1:      dpeg_arrival_renting, layout_loops_corners,
          shapermc_ecumenical_altar_mp_vishouse, roderic_lattice_a
D:2:      layout_loops_ring, serial_shops, shop_fountains, shop, shop, shop,
          shop, minmay_diced_spiral
D:3:      layout_basic, corexii_leaking_fountain

Skill      XL: |  1  2  3 |
---------------+----------+-----
Ranged Weapons | 6 7 |  7.4
Fighting       | |  1.5
Dodging        | |  2.4
Stealth        | |  1.2

Action                     || total
---------------------------++-------
   Fire: Shortbow          ||   124
    Use: Scroll            ||     3
         Potion            ||     1
 Armour: Leather armour    ||     6
  Dodge: Dodged            ||    30

Table legend:
 A = Non-vault XP
 B = Vault XP
 C = Vault XP percentage of total XP
 D = Non-vault monster count
 E = Vault monster count
 F = Vault count percentage of total count
                 A         B        C        D         E       F
            +---------+---------+-------+---------+---------+-------
      Total |      77 |      20 |  20.6 |      44 |       4 |   8.3
            +---------+---------+-------+---------+---------+-------
        D:1 |      37 |       0 |   0.0 |      21 |       0 |   0.0
        D:2 |      33 |      20 |  37.7 |      20 |       4 |  16.7
        D:3 |       7 |       0 |   0.0 |       3 |       0 |   0.0
            +---------+---------+-------+---------+---------+-------
